 Dungeon Crawl Stone Soup version 0.29.1-12-g30fa7ad0bf (webtiles) character file.

Game seed: 17450894960214624161

163 venomsnake the Trooper (level 5, 0/72 HPs)
             Began as a Minotaur Berserker on Dec 16, 2022.
             Was a Believer of Trog.
             Slain by a gnoll
             ... wielding a +1 whip of flaming
             ... led by a gnoll bouda
              (2 damage)
             ... on level 3 of the Dungeon.
             The game lasted 00:04:43 (2228 turns).

venomsnake the Trooper (Minotaur Berserker)         Turns: 2228, Time: 00:04:44

Health: 0/72       AC:  3    Str: 24    XL:     5   Next: 20%
Magic:  0/4        EV: 12    Int:  4    God:    Trog [**....]
Gold:   77         SH:  0    Dex:  9    Spells: 4/4 levels left

rFire   . . .      SeeInvis .   a - +1 hand axe
rCold   . . .      Faith    .   (no shield)
rNeg    . . .      Spirit   +   m - +0 leather armour
rPois   .          Reflect  .   (helmet restricted)
rElec   .          Harm     .   (no cloak)
rCorr   .          Rampage  .   (no gloves)
Will    .....                   (no boots)
Stlth   ..........              e - amulet of guardian spirit
HPRegen 0.22/turn               (no ring)
MPRegen 0.09/turn               (no ring)

@: berserking, very quick
A: horns 2, retaliatory headbutt
a: Renounce Religion, Berserk, Trog's Hand


You were on level 3 of the Dungeon.
You worshipped Trog.
Trog was pleased with you.
You visited 1 branch of the dungeon, and saw 3 of its levels.

You collected 137 gold pieces.
You spent 60 gold pieces at shops.

Inventory:

Hand Weapons
 a - a +1 hand axe (weapon)
Missiles
 c - 28 stones (quivered)
Armour
 m - a +0 leather armour (worn)
Jewellery
 e - an amulet of guardian spirit (around neck)
Wands
 k - a wand of quicksilver (4)
Scrolls
 b - a scroll of summoning {unknown}
 f - a scroll of teleportation {unknown}
 h - a scroll of torment {unknown}
 i - 2 scrolls of immolation {unknown}
 n - a scroll of identify {unknown}
Potions
 d - 2 potions of attraction {unknown}
 g - 6 potions of curing
 j - a potion of resistance {unknown}
 l - 2 potions of magic {unknown}
 o - a potion of heal wounds {unknown}


   Skills:
 * Level 5.0 Fighting
 + Level 4.3 Axes
 + Level 3.5 Armour
 + Level 3.1 Dodging
 + Level 1.6 Evocations


You had 4 spell levels left.
You didn't know any spells.
Your spell library was empty.

Dungeon Overview and Level Annotations

Branches:
Dungeon (3/15)

Altars:

Shops:
D:3 !


Innate Abilities, Weirdness & Mutations

You have a pair of horns on your head.
You reflexively headbutt those who attack you in melee.


Message History

You hit the gnoll. The gnoll closely misses you.
The gnoll bouda closely misses you.
You hit the gnoll bouda.
The gnoll bouda is heavily wounded.
You barely miss the gnoll. The gnoll completely misses you.
The gnoll bouda hits you with a +0 club.
You hit the gnoll bouda. You headbutt the gnoll bouda.
You kill the gnoll bouda!
Trog accepts your kill.
You barely miss the gnoll. The gnoll hits you with a +0 whip.
The gnoll closely misses you. You furiously retaliate!
You headbutt the gnoll.
Your Fighting skill increases to level 5!
You have reached level 5!
You slash the gnoll! Your headbutt misses the gnoll.
The gnoll is severely wounded.
You barely miss the gnoll. The gnoll hits you with a +0 whip. x2
You slash the gnoll!
You kill the gnoll!
Trog accepts your kill.
You hit the gnoll. The gnoll hits you with a +0 whip.
The gnoll hits you with a +1 whip of flaming!
The gnoll burns you.
* * * LOW HITPOINT WARNING * * *
You hit the gnoll.
The gnoll is heavily wounded.
You hit the gnoll. The gnoll misses you. The gnoll closely misses you.
You hit the gnoll.
The gnoll is almost dead.
You barely miss the gnoll. The gnoll hits you with a +0 whip!
* * * LOW HITPOINT WARNING * * *
The gnoll hits you with a +1 whip of flaming.
* * * LOW HITPOINT WARNING * * *
The gnoll burns you.
* * * LOW HITPOINT WARNING * * *
A red film seems to cover your vision as you go berserk!
You feel yourself moving faster!
You feel mighty! The gnoll closely misses you.
The gnoll hits you with a +1 whip of flaming.
* * * LOW HITPOINT WARNING * * *
The gnoll burns you.
You die...

##.#
##......###.#
#..# #......#
#.##
#........ #.#
#....>.#. #.#
#.#######.
#.# #.# .##
#.# .... #.#
.### #@# #
#.gg# # #.###
# #. #


You could see 2 gnolls.

Vanquished Creatures
  A gnoll bouda (D:3)
  Jessica (D:3)
  Terence (D:2)
  2 gnolls
  An adder (D:2)
  2 worms
  2 dart slugs
  6 endoplasms
  A giant cockroach (D:1)
  4 goblins
  5 hobgoblins
  4 jackals (D:2)
  4 quokkas
  4 ball pythons
  A frilled lizard (D:1)
  A kobold (D:3)
  3 rats
43 creatures vanquished.

Notes
Turn   | Place    | Note
-------+----------+-------------------------------------------
     0 | D:1      | venomsnake the Minotaur Berserker began the quest for the
                  | Orb.
     0 | D:1      | Reached XP level 1. HP: 19/19 MP: 0/0
   249 | D:1      | Found a faded altar of an unknown god.
   304 | D:1      | Reached XP level 2. HP: 26/27 MP: 1/1
   508 | D:1      | Reached skill level 4 in Fighting
   887 | D:2      | Reached XP level 3. HP: 33/33 MP: 2/2
  1036 | D:2      | Reached ** piety under Trog
  1125 | D:2      | Reached skill level 1 in Evocations
  1484 | D:2      | Noticed Terence
  1491 | D:2      | Killed Terence
  1492 | D:2      | Reached XP level 4. HP: 28/41 MP: 1/3
  1961 | D:3      | Noticed Jessica
  1968 | D:3      | Killed Jessica
  2102 | D:3      | Identified the +9 short sword of Hasil {vorpal, rN++ Dex+4}
  2118 | D:3      | Found Idyczamiokk's Distillery.
  2126 | D:3      | Bought a potion of curing for 30 gold pieces
  2126 | D:3      | Bought a potion of curing for 30 gold pieces
  2224 | D:3      | Reached skill level 5 in Fighting
  2224 | D:3      | Reached XP level 5. HP: 35/48 MP: 2/4
  2228 | D:3      | HP: 2/72 [gnoll/+1 whip of flaming[a gnoll bouda] (5)]
  2228 | D:3      | Slain by a gnoll

Illustrated notes

Levels and vault maps discovered:
D:1:      minmay_arrival_four_houses, layout_loops_ring,
          hellmonk_ecumenical_altar_slurped_away
D:2:      layout_loops_ring, grunt_decor_cap, chequers_arboretum, uniq_terence
D:3:      layout_rooms, serial_shops, nicolae_shop_crystal, uniq_jessica

Skill      XL: |  1  2  3  4 |
---------------+-------------+-----
Fighting       | 4 5 |  5.0
Axes           | 4 |  4.3
Armour         | 3 |  3.5
Evocations     | 1 |  1.6
Dodging        | 3 |  3.1

Action                   |  1- 3 |  4- 6 || total
-------------------------+-------+-------++-------
Melee: Hand axe          |    70 |    31 ||   101
       Headbutt          |    10 |     4 ||    14
       Punch             |     2 |     1 ||     3
Invok: Berserk           |       |     1 ||     1
  Use: Scroll            |     1 |       ||     1
Armor: Animal skin       |     7 |       ||     7
       Leather armour    |       |     1 ||     1
Dodge: Dodged            |    34 |    19 ||    53
